Map: Catalyst LE

Players

SpeCial - Winner!

  • Race: Terran Terran
  • Spawn Location: 11:00

Snute

  • Race: Zerg Zerg
  • Spawn Location: 5:00

Event: WCS Leipzig 2018

VOD

Have the link to the VOD?

Description

Time

  • Played on: Jan. 26, 2018, 1:14 p.m.
  • Length: 7:34

All games in this series

Show
View Real Time Build Order
Export as new Build Order

SpeCial Terran - Winner!

Build Orders: Liberator Opening, Reaper Expand 

Get SALT Encoding   

  12  0:00  SCV  
  13  0:12  SCV  
  14  0:18  Supply Depot  
  14  0:24  SCV  
  15  0:39  SCV  
  15  0:41  Barracks  
  16  0:43  Refinery  
  16  0:51  SCV  
  17  1:04  SCV  
  18  1:16  SCV  
  19  1:28  Reaper  
  19  1:29  Orbital Command  
  20  1:39  Command Center  
  20  1:49  Supply Depot  
  20  1:55  SCV  
  20  2:00  Marine  
  22  2:05  Factory  
  22  2:08  SCV  
  23  2:15  Refinery  
  23  2:20  SCV  
  24  2:23  Barracks Reactor  
  24  2:32  SCV  
  24  2:44  SCV  
  25  2:56  SCV  
  25  2:58  Orbital Command, Starport  
  26  3:08  Hellion x2, SCV  
  26  3:12  Barracks Tech Lab  
  31  3:20  SCV  
  31  3:24  Liberator  
  31  3:25  SCV  
  33  3:29  Hellion  
  33  3:30  Hellion  
  33  3:32  SCV  
  38  3:36  Supply Depot  
  38  3:37  SCV  
  42  3:44  SCV  
  43  3:49  SCV  
  43  3:50  Stimpack  
  44  3:57  Hellion  
  44  3:58  SCV, Hellion  
  44  4:01  SCV  
  44  4:02  Supply Depot  
  50  4:10  SCV  
  50  4:12  Marine  
  50  4:13  SCV  
  53  4:22  SCV  
  54  4:24  Command Center  
  54  4:25  SCV  
  55  4:34  SCV  
  55  4:36  Supply Depot, Marine  
  57  4:40  SCV  
  57  4:45  Barracks, Starport Reactor  
  58  4:46  SCV  
  58  4:47  Factory Tech Lab  
  58  4:51  Barracks  
  58  4:52  SCV  
  60  4:54  Marine  
  60  4:58  SCV  
  61  5:00  Engineering Bay  
  61  5:02  Engineering Bay  
  61  5:04  SCV  
  61  5:06  Refinery  
  61  5:07  Refinery  
  62  5:10  SCV  
  62  5:11  Marine  
  64  5:16  SCV  
  63  5:21  Siege Tank  
  63  5:23  SCV  
  65  5:28  SCV  
  65  5:30  Starport Reactor  
  65  5:35  SCV  
  63  5:36  Marine  
  63  5:39  Marine x2  
  63  5:40  SCV  
  63  5:43  Orbital Command  
  63  5:49  SCV  
  64  5:51  Marine  
  64  5:52  SCV, Supply Depot, Marine  
  64  5:54  Marine  
  65  5:57  Marine x2  
  65  5:58  Siege Tank  
  65  6:01  SCV  
  71  6:05  SCV  
  71  6:08  Barracks x2  
  72  6:12  Medivac x2  
  72  6:14  Marine x3  
  72  6:15  Supply Depot, Orbital Command, Marine  
  72  6:18  SCV x2  
  82  6:23  Supply Depot, Marine  
  83  6:30  SCV x2  
  83  6:32  Marine x3  
  88  6:33  Marine  
  88  6:38  Supply Depot  
  89  6:40  Siege Tank  
  89  6:41  Marine  
  89  6:42  SCV  
  96  6:48  SCV  
  96  6:49  SCV, Marine  
  96  6:50  Marine x2  
  96  6:51  Marine  
  103  6:54  SCV, Medivac  
  103  6:56  Barracks Reactor x2  
  103  6:59  Marine  
  103  7:00  SCV  
  108  7:01  SCV  
  108  7:02  Supply Depot  
  108  7:04  Refinery  
  108  7:05  Refinery  
  108  7:07  Marine x3  
  112  7:15  SCV  
Show
View Real Time Build Order
Export as new Build Order

Snute Zerg 

Build Orders: Pool First 

Get SALT Encoding   

  12  0:00  Drone  
  13  0:12  Overlord  
  13  0:17  Drone  
  14  0:31  Drone x2  
  14  0:34  Drone  
  17  0:45  Spawning Pool  
  17  0:48  Drone  
  17  1:08  Hatchery  
  16  1:11  Drone  
  16  1:14  Drone  
  16  1:17  Extractor  
  17  1:21  Drone  
  18  1:31  Queen  
  20  1:33  Zergling x2  
  21  1:41  Overlord  
  21  1:49  Drone  
  22  2:00  Drone  
  23  2:07  Queen  
  25  2:12  Drone  
  26  2:19  Metabolic Boost  
  26  2:21  Queen  
  26  2:22  Drone  
  29  2:23  Drone  
  29  2:28  Extractor  
  29  2:32  Drone  
  30  2:38  Drone  
  30  2:42  Overlord  
  31  2:49  Drone x2, Overlord  
  33  2:56  Drone  
  33  2:57  Drone  
  34  3:04  Drone x2  
  36  3:12  Drone  
  37  3:16  Zergling x2  
  38  3:24  Zergling x2  
  39  3:28  Zergling x4  
  39  3:33  Drone x5  
  46  3:44  Drone x2  
  48  3:50  Drone x2, Hatchery  
  48  3:52  Queen  
  51  3:57  Overlord x2  
  51  4:00  Drone  
  52  4:06  Overlord  
  52  4:18  Evolution Chamber  
  52  4:19  Drone x3, Evolution Chamber  
  52  4:20  Drone x3  
  52  4:22  Queen  
  57  4:25  Drone x2  
  57  4:26  Drone  
  60  4:33  Drone x5  
  65  4:42  Zergling x2  
  65  4:44  Zerg Ground Armor Level 1, Zerg Missile Weapons Level 1  
  65  4:45  Zergling x2  
  64  4:57  Drone x2  
  62  5:04  Overlord  
  62  5:06  Queen x2  
  65  5:08  Zergling x8  
  65  5:12  Evolution Chamber  
  65  5:13  Evolution Chamber  
  64  5:15  Zergling x2  
  64  5:18  Zergling x2  
  69  5:25  Drone x5  
  67  5:35  Drone x2  
  60  5:43  Drone  
  60  5:46  Lair  
  61  5:50  Drone  
  61  5:55  Drone x2  
  64  5:59  Baneling Nest  
  64  6:00  Drone  
  64  6:02  Extractor  
  64  6:04  Extractor  
  62  6:05  Extractor  
  62  6:06  Drone x2, Extractor  
  62  6:07  Drone  
  63  6:13  Drone x3  
  63  6:17  Drone x4  
  69  6:19  Drone  
  69  6:20  Drone, Extractor  
  69  6:21  Drone  
  69  6:23  Drone  
  69  6:25  Drone  
  73  6:28  Drone  
  73  6:29  Drone  
  75  6:33  Drone  
  76  6:40  Drone  
  76  6:42  Drone x4  
  76  6:46  Drone x3, Hydralisk Den  
  83  6:51  Drone  
  83  6:52  Infestation Pit  
  84  6:54  Zergling x6  
  84  6:58  Zergling x4  
  88  7:07  Zergling x2  
  89  7:11  Overlord  
  89  7:12  Overlord  
Tags
 
Add a new tag
Caveats
  • Supply blocks, unpowered buildings, or Contaminate may cause inaccurate times.
  • Supply counts are checked every 10 seconds.